 Dungeon Crawl Stone Soup version 0.24.0-1-gfbc8707122 (webtiles) character file.

Game seed: 3376305349792739448, levelgen mode: deterministic

30 Beldrama the Chopper (level 3, -1/33 HPs)
             Began as a Hill Orc Abyssal Knight on Oct 28, 2019.
             Was a Follower of Lugonu.
             Slain by a kobold
             ... wielding a +0 club
              (5 damage)
             ... on level 3 of the Dungeon.
             The game lasted 00:03:43 (1146 turns).

Beldrama the Chopper (Hill Orc Abyssal Knight)      Turns: 1146, Time: 00:03:43

Health: -1/33      AC:  2    Str: 15    XL:     3   Next: 20%
Magic:  4/4        EV: 11    Int: 12    God:    Lugonu [*.....]
Gold:   71         SH:  0    Dex: 10    Spells: 2/2 levels left

rFire    . . .     SeeInvis .   a - +1 hand axe
rCold    . . .     Gourm    .   (no shield)
rNeg     . . .     Faith    .   g - +0 robe (curse)
rPois    .         Spirit   .   (no helmet)
rElec    .         Reflect  .   (no cloak)
rCorr    .         Harm     .   (no gloves)
MR       .....                  (no boots)
Stlth    +.........             (no amulet)
HPRegen  0.11/turn              e - +1 ring of slaying
MPRegen  0.09/turn              (no ring)

@: lethally poisoned (-1 -> -8)
A: no striking features
a: Depart the Abyss, Renounce Religion, Convert to Beogh


You were on level 3 of the Dungeon.
You worshipped Lugonu.
Lugonu was aware of your devotion.
You were not hungry.

You visited 1 branch of the dungeon, and saw 3 of its levels.
You visited the Abyss 1 time.

You collected 71 gold pieces.

Inventory:

Hand Weapons
 a - a +1 hand axe (weapon)
Missiles
 d - 79 stones (quivered)
Armour
 f - a +0 scale mail
 g - a cursed +0 robe (worn)
Jewellery
 e - a +1 ring of slaying (left hand)
 h - an uncursed ring of ice {unknown}
Comestibles
 b - 3 chunks of flesh
 c - 3 rations


   Skills:
 + Level 4.1 Fighting
 * Level 4.1 Axes
 + Level 2.3 Armour
 + Level 0.7 Dodging
 + Level 2.5 Invocations


You had 2 spell levels left.
You didn't know any spells.
Your spell library was empty.

Dungeon Overview and Level Annotations

Branches:
Dungeon (2/15)

Altars:


Message History

Unknown command.
The kobold throws a poisoned dart.
The poisoned dart hits you!
You are lethally poisoned!
You see here a poisoned dart.
You aren't carrying any potions.
You aren't carrying any scrolls.
* * * LOW HITPOINT WARNING * * *
You feel sick.
The kobold throws a poisoned dart.
The poisoned dart barely misses you.
You aren't carrying any potions.
* * * LOW HITPOINT WARNING * * *
You feel sick.
The orc priest begins to cast a cantrip, but forgets the words!
The kobold hits you but does no damage.
* * * LOW HITPOINT WARNING * * *
You feel sick. The kobold barely misses you.
The orc priest casts a cantrip, but nothing happens.
* * * LOW HITPOINT WARNING * * *
You feel sick. The kobold hits you with a +0 club.
You die... ▒∙▒ ▒∙∙∙∙∙∙∙∙ ▒∙▒ ∙∙∙▒ ▒▒▒∙∙∙∙∙∙∙∙ ▒∙▒■▒■▒▒ ∙∙▒ ∙∙∙∙∙∙∙∙∙∙∙

∙∙∙∙∙∙∙▒ ▒∙▒■▒▒▒▒▒∙∙∙∙∙∙∙∙∙
▒∙∙∙∙∙∙▒ ▒∙∙∙∙∙∙∙∙∙∙∙∙∙∙∙∙▒
∙∙∙∙∙∙∙▒ ▒∙∙∙∙∙∙∙∙(∙∙∙∙∙∙∙▒
▒∙∙∙∙∙∙▒ ▒∙∙∙∙∙∙∙∙∙∙∙∙∙∙∙∙▒
∙∙∙∙∙∙▒ ▒▒▒▒▒▒▒∙∙∙∙∙ro∙∙∙∙∙∙∙∙∙▒
∙▒▒∙▒▒▒ ▒∙∙∙∙∙∙@∙lo∙∙∙o∙∙∙∙∙∙∙▒∙
∙▒▒∙▒▒▒▒▒▒∙∙∙∙∙∙∙K∙∙(∙∙∙(▒▒▒▒▒▒▒∙
∙∙∙∙▒▒∙∙∙▒∙∙∙∙∙∙∙▒▒▒▒▒▒▒▒▒ ▒▒▒∙∙o
▒▒▒▒▒▒∙∙∙▒∙∙∙∙∙((▒ ▒∙∙∙∙▒
▒▒▒▒▒▒)∙∙▒∙∙∙(∙∙∙▒▒▒▒▒ ▒∙∙∙∙▒
'∙∙∙∙'∙∙∙'∙∙∙∙∙∙∙∙)o∙▒ ▒∙∙∙o▒
▒▒▒▒▒▒∙∙∙▒∙∙∙∙∙∙∙▒▒▒∙▒ ▒▒▒o▒▒ ▒
▒∙∙∙▒∙∙∙∙∙∙∙▒ ▒∙▒▒▒▒▒▒▒▒▒∙▒ ▒
▒▒▒▒▒▒▒▒▒▒▒▒▒ ▒∙∙∙∙∙∙oo∙o∙▒


You could see an orc priest, 2 orcs, a kobold, a frilled lizard and a rat.

Vanquished Creatures
  An ooze (D:1)
  A bat (D:3)
  2 giant cockroaches
  6 goblins
  4 hobgoblins
  A quokka (D:3)
  A frilled lizard (D:1)
  3 kobolds
  4 rats
23 creatures vanquished.

Notes
Turn   | Place    | Note
-------+----------+-------------------------------------------
     0 | Abyss:1  | Beldrama the Hill Orc Abyssal Knight began the quest for
                  | the Orb.
     0 | Abyss:1  | Reached XP level 1. HP: 19/19 MP: 2/2
    64 | Abyss:1  | Noticed an ancient zyme
    64 | Abyss:1  | Noticed a thrashing horror
    66 | D:1      | Escaped the Abyss
   447 | D:1      | Reached XP level 2. HP: 25/27 MP: 3/3
   520 | D:1      | Reached * piety under Lugonu
  1020 | D:2      | You fall into a shaft and drop 1 floor!
  1025 | D:3      | Reached XP level 3. HP: 31/33 MP: 4/4
  1146 | D:3      | Slain by a kobold

Levels and vault maps discovered:
D:1:      lemuel_arrival_river_ford, layout_loops_ring
D:2:      layout_basic, first_ration, minmay_randomly_rotated_circles,
          uniq_jessica
D:3:      layout_basic, gammafunk_ghost_grave

Skill      XL: |  1  2 |
---------------+-------+-----
Axes           | 3 4 |  4.1
Fighting       | 4 |  4.1
Armour         | |  2.3
Dodging        | |  0.7
Invocations    | |  2.5

Action                   || total
-------------------------++-------
Melee: Hand axe          ||    76
Invok: Depart the Abyss  ||     1
  Use: Scroll            ||     1
  Eat: Chunk             ||     1
Armor: Leather armour    ||     2
       Robe              ||    10
Dodge: Dodged            ||    36
